Map: Rifts to Korhal

Players

SubjectXile

  • Race: Protoss Protoss
  • Spawn Location: 7:00

Pain

  • Race: Terran Terran
  • Spawn Location: 7:00

VOD

Have the link to the VOD?

Description

Time

  • Played on: March 14, 2018, 12:21 a.m.
  • Length: 26:10
Show
View Real Time Build Order
Export as new Build Order

SubjectXile Protoss 

Build Orders:  

Get SALT Encoding   

  12  0:03  Probe (Chrono Boost)  
  13  0:23  Pylon  
  13  0:44  Assimilator  
  13  0:45  Probe (Chrono Boost)  
  14  0:59  Gateway  
  15  1:02  Probe (Chrono Boost)  
  15  1:08  Cybernetics Core  
  15  1:17  Probe (Chrono Boost)  
  16  1:20  Pylon  
  16  1:33  Probe (Chrono Boost)  
  16  1:34  Pylon  
  17  1:57  Gateway  
  17  1:59  Probe (Chrono Boost)  
  17  2:02  Pylon  
  18  2:45  Death Council  
  18  2:53  Forge  
  18  3:00  Forge x2  
  18  3:09  Warp Gate  
  18  3:12  Optimized Emitters  
  18  3:31  Gateway  
  18  3:36  Gateway  
  18  3:37  Gateway  
  18  3:40  Probe (Chrono Boost)  
  18  3:42  Assimilator  
  19  3:52  Gateway  
  19  3:54  Probe (Chrono Boost)  
  20  4:08  Probe (Chrono Boost)  
  21  4:12  Conservator  
  21  4:19  Conservator  
  23  4:20  Adept  
  23  4:22  Psionic Projection, Probe (Chrono Boost)  
  26  4:36  Probe (Chrono Boost)  
  27  5:00  Protoss Ground Weapons Level 1  
  27  5:07  Adept  
  29  5:14  Adept  
  31  5:22  Talis' A.I. Personality  
  31  5:37  Adept  
  33  6:14  Adept x2  
  33  6:15  Adept  
  39  6:25  Conservator  
  41  6:35  Probe (Chrono Boost)  
  41  6:39  Debilitation System  
  42  6:49  Probe (Chrono Boost)  
  42  6:55  Adept  
  45  7:01  Conservator  
  45  7:46  Protoss Shields Level 1, Protoss Ground Armor Level 1  
  45  8:46  Probe (Chrono Boost)  
  46  8:59  Probe (Chrono Boost)  
  47  9:17  Nexus  
  47  9:22  Assimilator  
  47  9:28  Assimilator  
  47  9:59  Conservator  
  45  10:08  Adept  
  45  10:09  Adept  
  43  10:40  Adept x2  
  47  11:19  Pylon  
  47  11:20  Pylon  
  47  11:22  Adept  
  47  11:23  Adept  
  47  11:24  Adept, Conservator  
  47  11:25  Adept  
  47  11:26  Adept  
  47  11:27  Pylon  
  47  11:28  Pylon  
  57  11:30  Pylon  
  57  12:28  Protoss Ground Weapons Level 2, Protoss Shields Level 2, Protoss Ground Armor Level 2  
  57  12:38  Conservator  
  57  12:39  Conservator  
  57  12:56  Conservator  
  57  13:19  Adept  
  59  13:20  Adept x2  
  59  13:24  Conservator  
  59  13:25  Conservator  
  59  13:26  Adept  
  69  14:45  Probe (Chrono Boost)  
  70  14:56  Probe (Chrono Boost)  
  70  14:59  Probe (Chrono Boost)  
  72  15:10  Probe (Chrono Boost)  
  72  15:13  Probe (Chrono Boost)  
  74  15:24  Probe (Chrono Boost)  
  74  15:26  Probe (Chrono Boost)  
  76  15:38  Probe (Chrono Boost)  
  77  15:40  Probe (Chrono Boost)  
  78  15:52  Probe (Chrono Boost)  
  79  16:28  Protoss Ground Weapons Level 3, Protoss Ground Armor Level 3, Protoss Shields Level 3  
  77  17:19  Conservator  
  77  17:22  Adept x2  
  77  17:23  Adept  
  77  17:24  Adept  
  77  17:25  Conservator  
  77  17:26  Adept  
  89  17:47  Adept x2  
  89  17:48  Adept  
  95  19:51  Probe (Chrono Boost)  
  95  19:52  Probe (Chrono Boost)  
  97  20:05  Probe (Chrono Boost)  
  97  20:06  Probe (Chrono Boost)  
  99  20:19  Probe (Chrono Boost)  
  99  20:20  Probe (Chrono Boost)  
  101  20:33  Probe (Chrono Boost)  
  102  22:02  Pylon  
  102  22:04  Pylon  
  102  22:26  Probe (Chrono Boost)  
  102  22:27  Probe (Chrono Boost)  
  104  22:40  Probe x2 (Chrono Boost)  
  106  22:54  Probe (Chrono Boost)  
  99  24:10  Conservator  
  95  24:21  Adept x2  
  95  24:22  Adept x2  
  95  24:23  Adept  
  95  24:24  Adept  
Show
View Real Time Build Order
Export as new Build Order

Pain Terran 

Build Orders:  

Get SALT Encoding   

  12  0:03  SCV  
  13  0:29  SCV  
  14  0:46  Supply Depot  
  14  1:24  Barracks  
  14  1:26  SCV  
  15  1:34  Refinery  
  15  1:43  SCV  
  16  1:59  SCV  
  17  2:16  SCV  
  17  2:19  Marine  
  19  2:31  Marine  
  19  2:33  SCV  
  21  2:41  Supply Depot  
  21  2:43  Marine  
  22  2:50  SCV  
  23  3:10  Marine  
  23  3:11  SCV  
  23  3:16  Supply Depot  
  25  3:23  Marine  
  26  3:39  Engineering Bay  
  26  3:44  Barracks Reactor  
  26  3:49  Supply Depot  
  26  4:22  Factory  
  26  4:36  Marine x2  
  28  4:49  Marine x2  
  30  4:52  SCV  
  31  5:01  Marine x2  
  31  5:03  Factory  
  31  5:09  SCV  
  34  5:13  Marine  
  34  5:14  Marine  
  34  5:16  Barracks  
  36  5:26  SCV  
  37  5:33  Vulture  
  39  5:43  SCV  
  39  5:45  Vulture  
  42  5:58  Vulture  
  44  6:10  Vulture  
  44  6:19  Refinery  
  46  6:24  Factory Tech Lab  
  46  6:35  Barracks Tech Lab  
  46  6:48  Combat Shields  
  46  6:50  Orbital Command  
  46  7:10  Supply Depot  
  46  7:40  Siege Tank  
  46  7:41  Supply Depot  
  46  7:45  Medic  
  51  8:02  Siege Tank  
  48  9:02  Marine x3  
  51  9:11  Factory Reactor  
  51  9:14  Marine x2  
  51  9:15  Marine  
  50  9:27  Marine x3  
  49  9:34  Siege Tank  
  49  9:39  Marine x3  
  55  9:52  Marine x3  
  55  9:57  Siege Tank  
  61  10:04  Marine x2  
  63  10:35  Marine  
  63  10:36  Marine  
  62  10:42  Marine  
  62  10:43  Supply Depot  
  62  10:47  Marine  
  62  10:49  Marine  
  63  11:12  Siege Tank, Marine x3  
  63  11:17  Supply Depot  
  69  11:25  Marine x2  
  71  11:37  Supply Depot  
  71  11:47  Marine  
  71  11:49  Supply Depot  
  72  11:57  SCV  
  73  12:08  Supply Depot  
  73  12:14  SCV  
  74  12:25  Terran Infantry Weapons Level 1  
  74  12:31  SCV  
  75  12:47  SCV  
  69  12:53  Marine x3  
  72  13:04  SCV  
  72  13:05  Marine x2  
  72  13:06  Marine  
  76  13:18  Marine  
  77  13:33  Supply Depot  
  77  14:04  Supply Depot  
  77  14:09  Marine x3  
  77  14:17  Siege Tank  
  77  14:18  Siege Tank x2  
  80  14:22  Marine x3  
  82  14:34  Marine x3  
  82  14:37  Supply Depot  
  81  14:46  Marine  
  81  14:47  Marine x2  
  84  14:59  Marine x3  
  85  15:05  Terran Infantry Armor Level 1  
  85  15:09  Supply Depot  
  87  15:11  Marine x2  
  87  15:12  Marine  
  90  15:26  Siege Tank x3  
  90  15:46  Command Center  
  90  15:58  Marine x2  
  90  15:59  Marine  
  93  16:11  Marine x3  
  93  16:16  Siege Tank  
  93  16:17  Siege Tank x2  
  96  16:23  Marine x2  
  92  16:40  Siege Tank x3  
  84  17:01  Siege Tank  
  84  17:04  Marine x3  
  84  17:08  Siege Tank  
  88  17:17  Marine x3  
  89  17:29  Marine x3  
  90  17:41  Marine  
  90  17:42  Marine x2  
  90  17:49  Siege Tank x2  
  93  17:50  Siege Tank  
  93  17:54  Marine x3  
  89  18:06  Siege Tank, Marine x2  
  89  18:07  Marine  
  82  18:19  Marine x3  
  84  18:22  SCV  
  86  18:31  Marine x3  
  86  18:39  SCV  
  90  18:44  Marine x3  
  93  18:56  Marine x3, SCV  
  93  18:58  Armory  
  97  19:08  Marine  
  97  19:09  Marine x2  
  100  19:13  SCV  
  101  19:25  Marine x3  
  104  19:30  SCV  
  104  19:37  Marine x3  
  108  19:47  SCV  
  108  19:49  Marine  
  109  19:52  Marine x2  
  112  20:02  Siege Tank x3, Marine  
  112  20:03  SCV  
  112  20:04  Marine  
  112  20:05  Marine  
  116  20:14  Marine  
  116  20:16  Siege Tank  
  117  20:20  SCV  
  118  20:37  SCV  
  119  20:46  Marine x2  
  119  20:47  Marine  
  122  20:54  SCV  
  122  20:59  Marine x3  
  122  21:11  Marine  
  104  21:50  Marine x2  
  104  21:51  Marine  
  104  21:59  Siege Tank  
  107  22:03  Vulture x2, Marine x3  
  117  22:15  Vulture, Medic, Marine x2  
  117  22:16  Vulture  
  125  22:22  Siege Tank  
  125  22:25  SCV  
  125  22:28  Vulture x2, Medic, Marine x2  
  137  22:40  Vulture x2, Supply Depot, Marine x2, Medic  
  137  22:42  SCV  
  137  22:44  Siege Tank  
  149  22:53  Marine  
  150  23:09  Siege Tank, Marine x3  
  150  23:10  SCV  
  150  23:11  Supply Depot  
  157  23:22  Marine  
  157  23:27  SCV  
  158  23:30  Marine  
  158  23:41  Siege Tank, Marine x2  
  158  23:42  Marine  
  158  23:43  Supply Depot  
  158  23:44  SCV  
  162  23:53  Marine x2  
  162  23:55  Marine  
  161  24:03  Siege Tank  
  161  24:06  Marine x2  
  161  24:07  Marine  
  166  24:15  Supply Depot  
  166  24:18  Marine x2  
  164  24:20  Marine  
  161  24:30  Marine x2  
  161  24:32  Marine  
  162  24:43  Marine  
  142  25:15  Marine x3  
  142  25:18  Siege Tank  
  141  25:27  Marine x3  
  155  25:40  Marine x3  
Tags
 
Commander
FenixRaynor
Matchup
Co-op
Replay Pack
RP
Add a new tag
Caveats
  • Supply blocks, unpowered buildings, or Contaminate may cause inaccurate times.
  • Supply counts are checked every 10 seconds.